 Dungeon Crawl Stone Soup version 0.19.5 (webtiles) character file.

145692 tidbits the Carver (level 16, -3/114 HPs)
             Began as a High Elf Wanderer on July 17, 2017.
             Was a High Priest of Okawaru.
             Slain by a spark wasp (13 damage)
             ... on level 3 of the Spider Nest on Aug 7, 2017.
             The game lasted 05:19:47 (20840 turns).

tidbits the Carver (High Elf Wanderer)             Turns: 20840, Time: 05:19:48

Health: -3/114     AC: 29    Str: 15    XL:     16   Next: 87%
Magic:  10/32      EV: 18    Int: 18    God:    Okawaru [*****.]
Gold:   1827       SH:  0    Dex: 17    Spells: 13 memorised, 7 levels left

rFire  . . .     SeeInvis .     a - +2 demon blade (venom)
rCold  . . .     Gourm    .     B - +4 swamp dragon scales
rNeg   . . .     Faith    +     (no shield)
rPois  +         Spirit   .     E - +2 helmet
rElec  .         Reflect  .     C - +2 cloak {+Inv}
rCorr  +         Harm     .     G - +0 pair of gloves
MR     +....                    F - +0 pair of boots
Stlth  +++.......               m - amulet of faith
                                U - +6 ring of protection
                                K - ring of resist corrosion

@: very slightly contaminated, repel missiles
A: no striking features
a: Heroism, Finesse, Renounce Religion, Evoke Invisibility


You were on level 3 of the Spider Nest.
You worshipped Okawaru.
Okawaru was extremely pleased with you.
You were not hungry.

You visited 6 branches of the dungeon, and saw 32 of its levels.
You also visited: Labyrinth.

You collected 3134 gold pieces.
You spent 1307 gold pieces at shops.

Inventory:

Hand Weapons
 a - a +2 demon blade of venom (weapon)
   (You took it off Asterion on level 2 of the Spider Nest)
 b - a +1 shortbow of freezing
   (Okawaru gifted it to you on level 6 of the Lair of Beasts)
 d - a +2 dagger of venom
   (You took it off a goblin on level 3 of the Dungeon)
 f - a +0 scimitar of flaming
   (You took it off an efreet on level 11 of the Dungeon)
 g - a +2 blowgun
 j - a +0 great sword of slicing
   (You found it on level 6 of the Lair of Beasts)
 M - the +4 scimitar "Vehuomet" {venom, rN+ Int+2 Stlth+}
   (Okawaru gifted it to you on level 3 of the Lair of Beasts)

   It poisons the flesh of those it strikes.
   It affects your intelligence (+2).
   It protects you from negative energy.
   It makes you more stealthy.
Missiles
 e - 1019 arrows
 w - 25 tomahawks (quivered)
 I - 15 curare-tipped needles
Armour
 B - +4 swamp dragon scales (worn)
   (You found it on level 3 of the Swamp)
 C - a +2 cloak of invisibility (worn)
   (You found it on level 8 of the Dungeon)
 E - a +2 helmet (worn)
   (You found it on level 4 of the Dungeon)
 F - a +0 pair of boots (worn)
   (You found it on level 7 of the Dungeon)
 G - a +0 pair of gloves (worn)
   (You found it on level 3 of the Lair of Beasts)
 T - a +2 cloak of magic resistance
   (Okawaru gifted it to you on level 1 of the Swamp)
Rods
 h - a +1 rod of inaccuracy (9/9)
   (You took it off a kobold on level 6 of the Dungeon)
 Y - a +0 lightning rod (14/14)
   (You found it on level 10 of the Dungeon)
Jewellery
 m - an amulet of faith (around neck)
   (You found it on level 1 of the Lair of Beasts)
 o - an uncursed ring of protection from fire
   (You took it off a minotaur in a labyrinth)
 D - a +3 ring of protection
   (You found it on level 1 of the Swamp)
 K - a ring of resist corrosion (left hand)
   (You found it on level 12 of the Dungeon)
 O - an uncursed ring of protection from cold
   (You found it in a labyrinth)
 U - a +6 ring of protection (right hand)
   (You found it on level 2 of the Lair of Beasts)
Wands
 c - a wand of disintegration (5/24)
   (You found it on level 2 of the Lair of Beasts)
 v - a wand of iceblast (3/15)
   (You found it on level 9 of the Dungeon)
 P - a wand of teleportation (9/9)
   (You found it on level 9 of the Dungeon)
 W - a wand of confusion (29/48)
   (You found it on level 9 of the Dungeon)
 X - a wand of iceblast (10/15)
   (You found it on level 11 of the Dungeon)
Scrolls
 k - 3 scrolls of enchant weapon
 r - 17 scrolls of remove curse
 x - a scroll of brand weapon {unknown}
 y - a scroll of teleportation
 z - a scroll of magic mapping
 L - a scroll of fear
 Q - 3 scrolls of fog
 S - 3 scrolls of recharging
Potions
 l - a potion of resistance
 n - a potion of cure mutation
 p - 2 potions of might
 q - a potion of berserk rage
 u - 2 potions of heal wounds
 H - 2 potions of curing
 J - 3 potions of agility
 R - a potion of haste
 V - 2 potions of magic
 Z - 3 potions of flight
Miscellaneous
 s - a disc of storms
   (You found it on level 1 of the Spider Nest)
 t - a box of beasts
 A - a phial of floods
   (You found it on level 3 of the Lair of Beasts)
Comestibles
 i - a beef jerky
 N - 14 bread rations


   Skills:
 + Level 12.2 Fighting
 - Level 14.0 Long Blades
 - Level 8.3 Bows
 - Level 1.0 Throwing
 - Level 8.0 Armour
 - Level 11.0 Dodging
 - Level 5.4 Stealth
 - Level 11.7 Spellcasting
 - Level 3.1 Conjurations
 - Level 2.0 Hexes
 - Level 6.8 Charms
 - Level 5.0 Summonings
 - Level 7.5 Necromancy
 - Level 6.0 Translocations
 - Level 2.0 Transmutations
   Level 3.0 Ice Magic
 - Level 8.1 Air Magic
 - Level 1.4 Earth Magic
 - Level 1.1 Poison Magic
 - Level 9.0 Invocations
 - Level 6.1 Evocations


You had 7 spell levels left.
You knew the following spells:

 Your Spells              Type           Power        Failure   Level  Hunger
a - Apportation           Tloc           ####......   1%          1    None
b - Blink                 Tloc           N/A          1%          2    None
c - Mephitic Cloud        Conj/Pois/Air  ####....     8%          3    None
l - Lesser Beckoning      Tloc           ####......   3%          3    None
m - Repel Missiles        Chrm/Air       #####.       1%          2    None
n - Animate Skeleton      Necr           N/A          1%          1    None
p - Passwall              Tmut/Erth      ###.......   10%         2    None
r - Regeneration          Chrm/Necr      #####.....   1%          3    None
w - Spectral Weapon       Hex/Chrm       ####....     8%          3    None
L - Summon Lightning Spi  Summ/Air       ####....     10%         4    ##.....
N - Animate Dead          Necr           N/A          8%          4    ##.....
P - Summon Butterflies    Summ           ####....     1%          1    None
W - Swiftness             Chrm/Air       #####...     1%          2    None


Dungeon Overview and Level Annotations

Branches:
Dungeon (15/15)            Temple (1/1) D:4            Lair (6/6) D:8
  Swamp (4/4) Lair:2       Spider (4/4) Lair:4        Slime (0/5) Lair:6
    Orc (2/2) D:12            Elf (0/3) Orc:2        Vaults (0/5) D:13
 Depths (0/5) D:15

Altars:
Ashenzari
Cheibriados
Dithmenos
Elyvilon
Fedhas
Gozag
Hepliaklqana
Kikubaaqudgha
Okawaru
Qazlal
Ru
Trog
Vehumet
Xom
Yredelemnul
Zin
The Shining One
Beogh
Jiyva

Shops:
D:5 !   D:11 %   Orc:2 :*([

Annotations:
D:3 exclusion: oklob plant
D:15 Kirke
Lair:6 exclusion: oklob plant
Swamp:3 exclusion: downstairs
Swamp:4 exclusion: hydra, Bai Suzhen, Mara


Message History

Okawaru accepts your kill.
Casting: Animate Dead
Confirm with . or Enter, or press ? or * to list all spells.
You call on the dead to rise...
The dead are crawling!
You flicker back into view.
Found a trident.
Search for what [Enter for "long blade", or ? for help]?
Okay, then.
Found a mace, two orc skeletons and a halberd.
Found a chain mail and a glowing flail.
You found a web!
You found a web!
You see here a pair of gloves.
You are caught in the web!
There is a web here.
You struggle to detach yourself from the web.
You struggle to detach yourself from the web.
You disentangle yourself.
You are caught in the web!
Your wolf spider zombie evades a web.
There is a web here.
You struggle to detach yourself from the web.
You disentangle yourself.
You see here a flail.
You are caught in the web!
There is a web here.
You disentangle yourself.
You see here a robe.
Casting: Animate Dead
Confirm with . or Enter, or press ? or * to list all spells.
Your skin crawls.
You see here 2 chunks of flesh.
Your wolf spider zombie is caught in a web!
Your wolf spider zombie struggles to get unstuck from the web.
Your wolf spider zombie struggles to get unstuck from the web.
Your wolf spider zombie pulls away from the web.
Your skin is crawling a little less now.
Found a ring mail.
A demonic crawler comes into view.
Your skin stops crawling.
The demonic crawler gives a hideous shriek!
The demonic crawler moves out of view.
Found 14 gold pieces.
You found a web!
Casting: Regeneration
Confirm with . or Enter, or press ? or * to list all spells.
You draw out your weapon's spirit!
A spark wasp comes into view.
You slash the demonic crawler!
The demonic crawler looks as sick as possible!
The demonic crawler is moderately wounded.
Your spectral weapon completely misses the demonic crawler.
The demonic crawler hits you but does no damage. x3
Your wolf spider zombie hits the demonic crawler but does no damage.
Your wolf spider zombie bites the demonic crawler!
You slash the demonic crawler!
The demonic crawler is heavily wounded.
Your spectral weapon barely misses the demonic crawler.
The demonic crawler barely misses you. The demonic crawler hits you.
The demonic crawler closely misses you.
Unknown command.
You slash the demonic crawler!
The demonic crawler is severely wounded.
Your spectral weapon hits the demonic crawler.
Your wolf spider zombie hits the demonic crawler.
Your wolf spider zombie bites the demonic crawler.
The demonic crawler closely misses you.
You riposte.
You slash the demonic crawler!
You kill the demonic crawler!
Okawaru accepts your kill.
You see here a demonic crawler corpse.
Unknown command.
The spark wasp stings you! The spark wasp shocks you!
The spark wasp stings you! The spark wasp shocks you!
* * * LOW HITPOINT WARNING * * *
Unknown command.
You miss the spark wasp.
The spark wasp stings you but does no damage.
Your wolf spider zombie hits the spark wasp!
Your wolf spider zombie bites the spark wasp!
Unknown command.
You slash the spark wasp!
The spark wasp is heavily wounded.
The spark wasp closely misses you.
Unknown command.
Your wolf spider zombie closely misses the spark wasp.
Your wolf spider zombie bites the spark wasp!
The spark wasp stings you!
* * * LOW HITPOINT WARNING * * *
The spark wasp shocks you!
* * * LOW HITPOINT WARNING * * *
Your wolf spider zombie hits the spark wasp!
Your wolf spider zombie misses the spark wasp.
You miss the spark wasp.
The spark wasp is almost dead.
Your spectral weapon closely misses the spark wasp.
The spark wasp stings you!!
* * * LOW HITPOINT WARNING * * *
The spark wasp shocks you!
You die...

.##########.#.###.#..
..#..##.#.#...#.#....
.%..^.)...#..##.[...#
..^....#......^...#
...)..###..#...####
#####^.^##^#.#...^#
#..Z#..^^###.##†.##
##....##....###Z(.#
...#...##..##..y@##
...#.#..##...#^#$..#
..Z.##...#..####....^#
..#.# ..## ..#
...#..... ..#...#.. ##
#..#.#..# #.#..^#..#
##.# # .. ###.#.#...
.. . #####... .# ..


You could see a spark wasp, a friendly spectral demon blade of venom and a
friendly wolf spider zombie.

Vanquished Creatures
  Asterion (Spider:2)
  Gastronok (D:8)
  A thorn hunter (Swamp:3)
  A frost giant (D:15)
  Aizul (Swamp:1)
  2 orc warlords (Orc:2)
  A stone giant (D:13)
  An entropy weaver (Spider:3)
  A spark wasp (Spider:3)
  Snorg (D:11)
  A minotaur (Lab)
  A rakshasa (D:15)
  14 hydras
  Erolcha (Orc:1)
  A ghost crab (Swamp:3)
  6 vault guards
  4 centaur warriors
  The ghost of tidbits the Carver, a journeyman HEWn of Okawaru (D:12)
  A tengu warrior (D:15)
  5 orc high priests (Orc:2)
  The ghost of Azzok the Fighter, a novice MiFi of Okawaru (D:7)
  8 alligators
  Urug (D:13)
  Nergalle (D:10)
  A fire crab (Lair:6)
  3 spriggan druids
  4 swamp dragons
  5 hill giants
  2 orc knights (Orc:2)
  4 orc sorcerers (Orc:2)
  6 ugly things
  17 wolf spiders
  A cyclops (D:12)
  2 orb spiders (Spider:1)
  A deep elf mage (D:12)
  A manticore (D:13)
  Maurice (D:11)
  9 elephants
  9 black mambas
  A guardian serpent (Lair:6)
  3 gargoyles
  2 centaur zombies
  17 spiny frogs
  6 centaur skeletons
  5 komodo dragons
  A rime drake (Lair:2)
  A kobold demonologist (D:11)
  A yaktaur (D:15)
  An efreet (D:11)
  A freezing wraith (D:15)
  2 demonic crawlers
  2 ice devils (D:11)
  2 queen bees
  A tengu conjurer (D:15)
  8 polar bears
  16 hornets
  6 tyrant leeches
  10 jumping spiders
  A meliai (D:13)
  4 trolls
  Prince Ribbit (D:7)
  7 blink frogs
  4 raiju (Lair:6)
  19 slime creatures
  4 dream sheep (Lair:6)
  3 two-headed ogres
  10 hippogriffs
  4 bog bodies
  A shadow (D:13)
  10 spriggans
  2 water elementals (D:14)
  22 redbacks
  7 tarantellas
  11 yaks
  6 wyverns
  2 hungry ghosts
  10 vampire mosquitoes
  A mottled dragon (D:12)
  13 insubstantial wisps
  12 swamp worms
  11 water moccasins
  9 wargs
  Duvessa (D:7)
  3 hell hounds (Lair:6)
  9 porcupines
  2 sky beasts
  34 orc warriors
  An ice beast (D:6)
  9 swamp drakes
  8 black bears (Lair:6)
  26 wolves
  11 ogres
  15 centaurs
  11 crocodiles
  3 big kobolds
  10 bullfrogs
  Dowan (D:7)
  A wyvern skeleton (D:9)
  A water moccasin skeleton (D:6)
  4 scorpions
  5 wights
  26 killer bees
  2 electric eels
  3 howler monkeys
  3 crimson imps
  3 bullfrog zombies
  A quasit (D:8)
  A bullfrog skeleton (D:4)
  20 hounds
  A jelly (D:10)
  15 orc priests
  21 orc wizards
  5 iguanas
  16 worker ants
  A killer bee zombie (D:7)
  5 gnolls
  A worker ant zombie (D:6)
  10 adders
  An adder skeleton (D:5)
  2 worms (D:3)
  A dart slug (D:3)
  A leopard gecko (D:5)
  56 orcs
  2 bats (D:2)
  4 giant cockroaches
  3 hobgoblins
  4 jackals (D:3)
  16 kobolds
  8 quokkas
  6 frilled lizards
  9 goblins
  A leopard gecko skeleton (D:5)
  7 rats
  A fungus (Orc:2)
  2 plants (Lair:6)
796 creatures vanquished.

Vanquished Creatures (collateral kills)
  2 thorn hunters
  An entropy weaver (Spider:2)
  2 vault guards (D:13)
  A hydra (Lair:5)
  An alligator (Swamp:3)
  A catoblepas (Lair:6)
  A hill giant (D:13)
  A shambling mangrove (Swamp:2)
  4 orb spiders
  4 wolf spiders
  5 elephants
  A black mamba (Lair:3)
  A torpor snail (Spider:3)
  6 spiny frogs (Lair:6)
  A rime drake (Lair:5)
  A demonic crawler (Spider:3)
  3 jumping spiders
  A tyrant leech (Swamp:2)
  2 meliai (D:13)
  2 polar bears (Lair:6)
  A hornet (Lair:6)
  A slime creature (Swamp:3)
  A hippogriff (Lair:6)
  2 dream sheep (Lair:6)
  8 redbacks
  5 tarantellas
  A wraith (D:13)
  3 yaks (Lair:3)
  2 wyverns
  A basilisk (Lair:4)
  2 insubstantial wisps (Swamp:3)
  2 wargs (Lair:6)
  4 swamp worms
  A hell hound (Lair:6)
  5 water moccasins
  A porcupine (Lair:3)
  2 orc warriors (Orc:1)
  A swamp drake (Swamp:2)
  5 black bears (Lair:6)
  An eye of draining (D:13)
  An ogre (Orc:2)
  A necrophage (D:13)
  A centaur (D:12)
  A wolf (Lair:4)
  2 bullfrogs
  8 killer bees (D:13)
  A wight (D:14)
  2 hounds (Lair:6)
  An orc priest (Orc:1)
  An orc wizard (D:14)
  A worker ant (Lair:6)
  2 adders (Lair:6)
  3 orcs (Orc:1)
  2 fungi (Orc:2)
  2 plants (Lair:6)
119 creatures vanquished.

Vanquished Creatures (others)
  2 swamp dragons (Swamp:3)
  An iguana (Lair:2)
  A briar patch (Swamp:3)
  24 fungi
  17 plants
  16 spectral weapons
61 creatures vanquished.

Grand Total: 976 creatures vanquished

Notes
Turn   | Place    | Note
-------+----------+-------------------------------------------
     0 | D:1      | tidbits the High Elf Wanderer began the quest for the Orb.
     0 | D:1      | tidbits set off with: 3 curare-tipped needles, a +2 blowgun, a +0 mace, a +0 shortbow, 22 arrows, a +0 robe, a bread ration
     0 | D:1      | Reached XP level 1. HP: 14/14 MP: 2/2
    58 | D:1      | Reached skill level 3 in Bows
   205 | D:2      | Found a sacrificial altar of Ru.
   220 | D:2      | Reached skill level 4 in Bows
   220 | D:2      | Reached XP level 2. HP: 19/19 MP: 3/3
   293 | D:2      | Reached XP level 3. HP: 10/24 MP: 4/4
   550 | D:1      | Reached skill level 5 in Bows
   917 | D:3      | Reached XP level 4. HP: 19/29 MP: 5/5
   943 | D:3      | Found a shimmering altar of Xom.
   943 | D:3      | Found a shimmering altar of Xom.
   943 | D:3      | Found a shimmering altar of Xom.
   943 | D:3      | Found a shimmering altar of Xom.
   949 | D:3      | Learned a level 2 spell: Repel Missiles
  1118 | D:3      | Reached skill level 1 in Spellcasting
  1175 | D:3      | Found a blossoming altar of Fedhas.
  1194 | D:3      | Noticed an oklob plant
  1241 | D:4      | Noticed an ogre
  1247 | D:3      | Learned a level 2 spell: Blink
  1642 | D:3      | Reached skill level 6 in Bows
  1820 | D:4      | Reached XP level 5. HP: 10/34 MP: 7/7
  1826 | D:4      | Noticed an ogre
  1833 | D:4      | Killed an ogre
  1833 | D:4      | Reached skill level 7 in Bows
  2335 | D:3      | Reached skill level 8 in Bows
  2335 | D:3      | Reached XP level 6. HP: 29/39 MP: 8/8
  2521 | D:4      | Reached skill level 1 in Dodging
  2571 | D:4      | Reached skill level 2 in Dodging
  2622 | D:4      | Reached skill level 3 in Dodging
  2645 | D:5      | Entered Level 5 of the Dungeon
  2666 | D:5      | Found Ahybb's Distillery.
  2674 | D:5      | Bought a potion of heal wounds for 65 gold pieces
  2674 | D:5      | Bought a potion of curing for 39 gold pieces
  2674 | D:5      | Bought a potion of degeneration for 13 gold pieces
  2743 | D:5      | Reached skill level 4 in Dodging
  2743 | D:5      | Reached XP level 7. HP: 37/45 MP: 9/9
  2901 | D:5      | Reached skill level 3 in Fighting
  2940 | D:5      | Found an ancient bone altar of Kikubaaqudgha.
  2995 | D:4      | Found a staircase to the Ecumenical Temple.
  3011 | D:4      | Reached skill level 4 in Fighting
  3013 | Temple   | Entered the Ecumenical Temple
  3022 | Temple   | Became a worshipper of Warmaster Okawaru
  3111 | D:4      | Found a shadowy altar of Dithmenos.
  3167 | D:5      | Noticed a moth of wrath
  3327 | D:6      | Reached skill level 5 in Fighting
  3358 | D:6      | Reached skill level 1 in Long Blades
  3362 | D:6      | Reached skill level 2 in Long Blades
  3414 | D:6      | HP: 3/50 [ice beast (5)]
  3419 | D:6      | Reached skill level 3 in Long Blades
  3419 | D:6      | Reached XP level 8. HP: 15/55 MP: 10/10
  3477 | D:6      | Identified a +1 rod of inaccuracy (9/9) (You took it off a kobold on level 6 of the Dungeon)
  3511 | D:6      | Reached skill level 4 in Long Blades
  3601 | D:7      | Reached skill level 5 in Long Blades
  3696 | D:7      | Reached * piety under Okawaru
  3724 | D:7      | Found a shattered altar of Ashenzari.
  3725 | D:7      | Noticed Prince Ribbit
  3740 | D:7      | Killed Prince Ribbit
  3740 | D:7      | Reached skill level 7 in Long Blades
  3762 | D:7      | Got a faintly glowing leather armour
  3780 | D:7      | Noticed Azzok's ghost (novice MiFi)
  3872 | D:6      | Found a glowing golden altar of the Shining One.
  3903 | D:6      | Reached skill level 8 in Long Blades
  3996 | D:7      | Reached ** piety under Okawaru
  3996 | D:7      | Reached skill level 2 in Invocations
  4001 | D:7      | Reached skill level 3 in Invocations
  4023 | D:8      | Noticed a two-headed ogre
  4029 | D:8      | Noticed a two-headed ogre
  4038 | D:7      | Killed a two-headed ogre
  4038 | D:7      | Reached skill level 4 in Invocations
  4038 | D:7      | Reached XP level 9. HP: 17/61 MP: 10/13
  4078 | D:7      | Identified the +3 leather armour of Reason {Regen+} (You found it on level 7 of the Dungeon)
  4112 | D:7      | Reached skill level 5 in Invocations
  4207 | D:7      | Killed Azzok's ghost
  4207 | D:7      | Reached skill level 6 in Dodging
  4373 | D:8      | Reached skill level 1 in Evocations
  4379 | D:8      | Reached *** piety under Okawaru
  4379 | D:8      | Reached skill level 2 in Evocations
  4385 | D:8      | Noticed a queen bee
  4425 | D:7      | Noticed Dowan
  4436 | D:7      | Noticed Duvessa
  4450 | D:7      | Killed Duvessa
  4450 | D:7      | Reached skill level 3 in Evocations
  4467 | D:7      | Killed Dowan
  4724 | D:8      | Reached skill level 4 in Evocations
  4761 | D:8      | Reached skill level 5 in Evocations
  4846 | D:8      | HP: 4/61 [queen bee (10)]
  4849 | D:8      | Killed a queen bee
  4849 | D:8      | Reached skill level 6 in Evocations
  4849 | D:8      | Reached XP level 10. HP: 27/66 MP: 10/15
  5010 | D:8      | Found a staircase to the Lair.
  5073 | Lair:1   | Entered Level 1 of the Lair of Beasts
  5110 | Lair:2   | Learned a level 1 spell: Apportation
  5112 | Lair:2   | Learned a level 1 spell: Animate Skeleton
  5173 | Lair:1   | Reached skill level 1 in Translocations
  5258 | Lair:1   | Noticed a spiny frog
  5275 | Lair:1   | Killed a spiny frog
  5275 | Lair:1   | Reached skill level 2 in Spellcasting
  5275 | Lair:1   | Reached skill level 2 in Translocations
  5356 | D:8      | Reached skill level 3 in Translocations
  5471 | D:8      | Reached **** piety under Okawaru
  5471 | D:8      | Reached skill level 3 in Spellcasting
  5598 | D:9      | Reached skill level 9 in Long Blades
  5627 | D:9      | Reached skill level 10 in Long Blades
  5776 | D:10     | Entered Level 10 of the Dungeon
  5799 | D:11     | Found Epleitob's Food Shop.
  6126 | D:8      | Reached skill level 11 in Long Blades
  6133 | D:8      | Noticed Gastronok
  6400 | D:10     | Noticed Nergalle
  6414 | D:10     | Killed Nergalle
  6496 | D:11     | Reached XP level 11. HP: 71/71 MP: 16/16
  6736 | D:11     | Noticed Maurice
  6769 | D:10     | Reached skill level 12 in Long Blades
  7102 | D:8      | Killed Gastronok
  7102 | D:8      | Reached ***** piety under Okawaru
  7102 | D:8      | Received a gift from Okawaru
  7102 | D:8      | Reached skill level 13 in Long Blades
  7225 | Lair:1   | Received a gift from Okawaru
  7293 | Lair:1   | Found a blossoming altar of Fedhas.
  7567 | Lair:2   | Reached skill level 7 in Dodging
  7621 | Lair:2   | Noticed an eight-headed hydra
  7642 | Lair:2   | Killed an eight-headed hydra
  7642 | Lair:2   | Reached skill level 14 in Long Blades
  7796 | Lair:3   | Reached skill level 1 in Necromancy
  7806 | Lair:3   | Reached skill level 2 in Necromancy
  8047 | Lair:4   | Noticed an eight-headed hydra
  8058 | Lair:4   | Killed an eight-headed hydra
  8058 | Lair:4   | Reached skill level 6 in Fighting
  8058 | Lair:4   | Reached skill level 8 in Dodging
  8134 | Lair:4   | Found a labyrinth entrance.
  8155 | Lab      | Entered a labyrinth
  8443 | Lab      | Noticed a minotaur
  8474 | Lab      | Killed a minotaur
  8478 | Lab      | Identified Caetsip's Compendium of the Vacuum
  8509 | Lab      | Learned a level 2 spell: Swiftness
  8512 | Lab      | Learned a level 2 spell: Passwall
  8516 | Lab      | Learned a level 3 spell: Ozocubu's Armour
  8534 | Lair:4   | Found a hole to the Spider Nest.
  8552 | Lair:4   | Reached skill level 1 in Charms
  8552 | Lair:4   | Reached skill level 1 in Ice Magic
  8560 | Lair:4   | Noticed a wolf spider
  8563 | Lair:4   | Reached XP level 12. HP: 80/80 MP: 17/17
  8569 | Lair:4   | Reached skill level 2 in Charms
  8628 | Lair:3   | Reached skill level 2 in Ice Magic
  8690 | Lair:3   | Received a gift from Okawaru
  8703 | Lair:3   | Got an ancient scimitar {god gift}
  8704 | Lair:3   | Identified the +4 scimitar "Vehuomet" {venom, rN+ Int+2 Stlth+} (Okawaru gifted it to you on level 3 of the Lair of Beasts)
  8721 | Lair:3   | Reached skill level 3 in Charms
  8740 | Lair:3   | Reached skill level 3 in Ice Magic
  8811 | Lair:3   | Reached skill level 2 in Stealth
  8816 | Lair:3   | Reached skill level 3 in Stealth
  8903 | Lair:2   | Reached skill level 4 in Stealth
  9041 | Lair:2   | Found a staircase to the Swamp.
  9063 | Lair:2   | Reached skill level 5 in Stealth
  9100 | Lair:2   | Got a shimmering quarterstaff
  9134 | Lair:2   | You fall through a shaft for 2 floors!
  9300 | Lair:5   | Reached skill level 7 in Fighting
  9343 | Lair:5   | Received a gift from Okawaru
  9344 | Lair:5   | Got a steaming triple sword {god gift}
  9345 | Lair:5   | Identified the +6 triple sword of Offence {antimagic, rElec rC- Dex+2} (Okawaru gifted it to you on level 5 of the Lair of Beasts)
  9410 | Lair:5   | Reached skill level 9 in Dodging
  9442 | Lair:5   | Noticed a six-headed hydra
  9450 | Lair:5   | Killed a six-headed hydra
  9461 | Lair:5   | Noticed an eight-headed hydra
  9471 | Lair:4   | Noticed a seven-headed hydra
  9481 | Lair:4   | Killed a seven-headed hydra
  9481 | Lair:4   | Reached skill level 10 in Dodging
  9621 | Lair:5   | You fall through a shaft!
  9621 | Lair:6   | Entered Level 6 of the Lair of Beasts
  9622 | Lair:6   | Received a gift from Okawaru
  9632 | Lair:6   | Noticed an eight-headed hydra
  9647 | Lair:6   | Killed an eight-headed hydra
  9647 | Lair:6   | Reached skill level 8 in Fighting
  9675 | Lair:6   | Noticed a catoblepas
  9694 | Lair:6   | Killed a catoblepas
  9698 | Lair:6   | Reached skill level 6 in Invocations
  9753 | Lair:6   | Noticed a four-headed hydra
  9769 | Lair:6   | Reached skill level 7 in Invocations
  9788 | Lair:6   | Received a gift from Okawaru
  9788 | Lair:6   | Reached XP level 13. HP: 89/89 MP: 7/19
  9934 | Lair:6   | Reached skill level 8 in Invocations
  9991 | Lair:6   | Reached skill level 9 in Invocations
 10082 | Lair:6   | Reached skill level 9 in Fighting
 10272 | Lair:6   | Reached skill level 10 in Fighting
 10296 | Lair:6   | Received a gift from Okawaru
 10316 | Lair:6   | Got a twisted leather armour
 10397 | Lair:6   | Reached skill level 4 in Spellcasting
 10404 | Lair:6   | Received a gift from Okawaru
 10473 | Lair:6   | Reached skill level 5 in Spellcasting
 10476 | Lair:6   | Received a gift from Okawaru
 10556 | Lair:6   | Identified the +5 leather armour of Kemutrih {MR+} (You found it on level 6 of the Lair of Beasts)
 10593 | Lair:6   | Found a viscous altar of Jiyva.
 10593 | Lair:6   | Found a staircase to the Slime Pits.
 10619 | Lair:6   | Reached skill level 6 in Spellcasting
 10723 | Lair:6   | Reached skill level 2 in Armour
 10799 | Lair:6   | Reached skill level 3 in Armour
 10898 | Lair:6   | Reached skill level 4 in Armour
 10907 | Lair:6   | Received a gift from Okawaru
 10975 | Lair:6   | Reached skill level 5 in Armour
 11012 | Lair:6   | Reached ****** piety under Okawaru
 11042 | Lair:6   | Received a gift from Okawaru
 11049 | Lair:6   | Got a pair of twisted gloves {god gift}
 11055 | Lair:6   | Identified the +0 pair of gloves of Caudari {*Corrode rElec Dex+4} (Okawaru gifted it to you on level 6 of the Lair of Beasts)
 11327 | Lair:6   | Reached skill level 6 in Armour
 11451 | Lair:5   | Reached XP level 14. HP: 99/99 MP: 24/24
 12203 | D:12     | Found a staircase to the Orcish Mines.
 12214 | Orc:1    | Entered Level 1 of the Orcish Mines
 12323 | Orc:1    | Noticed Erolcha
 12334 | Orc:1    | Killed Erolcha
 12363 | Orc:1    | Reached skill level 11 in Fighting
 12593 | Orc:2    | Entered Level 2 of the Orcish Mines
 12602 | Orc:2    | Noticed an orc warlord
 12651 | Orc:2    | Found a roughly hewn altar of Beogh.
 12731 | Orc:2    | Killed an orc warlord
 12731 | Orc:2    | Received a gift from Okawaru
 12731 | Orc:2    | Reached skill level 4 in Translocations
 12747 | Orc:2    | Reached skill level 5 in Translocations
 12791 | Orc:2    | Noticed an orc warlord
 12824 | Orc:2    | Killed an orc warlord
 12824 | Orc:2    | Reached skill level 6 in Translocations
 12844 | Orc:2    | Found Useraip's Antique Weapon Boutique.
 12997 | Orc:2    | Found Ciadghair's Antique Armour Emporium.
 13127 | Orc:2    | Reached skill level 11 in Dodging
 13260 | Orc:2    | Found Cuitsiqu's General Store.
 13285 | Orc:2    | Found a staircase to the Elven Halls.
 13299 | Orc:2    | Found Ehooll's Book Shop.
 13342 | Orc:2    | Bought a book of Battle for 680 gold pieces
 13342 | Orc:2    | Bought a book of Necromancy for 510 gold pieces
 13346 | Orc:2    | Learned a level 3 spell: Regeneration
 13360 | Orc:2    | Learned a level 3 spell: Spectral Weapon
 13598 | D:12     | Noticed tidbits's ghost (journeyman HEWn)
 13613 | D:12     | Killed tidbits's ghost
 13623 | D:12     | Reached skill level 2 in Hexes
 13623 | D:12     | Reached skill level 4 in Charms
 13629 | D:12     | Learned a level 4 spell: Animate Dead
 13745 | D:11     | Noticed Snorg
 13879 | D:12     | Reached skill level 3 in Necromancy
 13988 | D:12     | Received a gift from Okawaru
 13992 | D:12     | Got a brightly glowing cloak {god gift}
 14022 | D:12     | Identified the -5 cloak of the Guild-Master {Str+7 Int+2} (Okawaru gifted it to you on level 12 of the Dungeon)
 14186 | D:13     | Noticed a stone giant
 14245 | D:13     | Killed a stone giant
 14245 | D:13     | Reached skill level 7 in Spellcasting
 14245 | D:13     | Reached skill level 4 in Necromancy
 14623 | D:13     | Reached skill level 5 in Necromancy
 14623 | D:13     | Reached XP level 15. HP: 108/108 MP: 4/26
 14641 | D:13     | Found a gate to the Vaults.
 14829 | D:13     | Noticed Urug
 14859 | D:13     | Killed Urug
 14865 | D:13     | Reached skill level 6 in Necromancy
 15244 | D:14     | Found a white marble altar of Elyvilon.
 15378 | D:15     | Entered Level 15 of the Dungeon
 15476 | D:15     | Noticed Kirke
 15604 | D:15     | Reached skill level 7 in Necromancy
 15868 | D:15     | Received a gift from Okawaru
 16194 | D:15     | Found a staircase to the Depths.
 16194 | D:15     | Noticed a frost giant
 16219 | D:15     | HP: 7/108 [frost giant/battleaxe of freezing (24)]
 16219 | D:15     | HP: 2/108 [frost giant/battleaxe of freezing (5)]
 16221 | D:15     | Killed a frost giant
 16221 | D:15     | Received a gift from Okawaru
 16221 | D:15     | Reached skill level 1 in Transmutations
 16238 | D:15     | Received a gift from Okawaru
 16238 | D:15     | Reached skill level 1 in Earth Magic
 16436 | D:14     | Reached skill level 2 in Transmutations
 16727 | D:11     | Reached skill level 8 in Spellcasting
 16758 | D:11     | Killed Maurice
 16758 | D:11     | Received a gift from Okawaru
 16774 | D:11     | Killed Snorg
 17108 | Lair:1   | Learned a level 1 spell: Summon Butterflies
 17112 | Lair:1   | Learned a level 3 spell: Lesser Beckoning
 17116 | Lair:1   | Learned a level 3 spell: Mephitic Cloud
 17161 | Swamp:1  | Entered Level 1 of the Swamp
 17169 | Swamp:1  | Received a gift from Okawaru
 17181 | Swamp:1  | Reached skill level 1 in Conjurations
 17211 | Swamp:1  | Reached skill level 1 in Poison Magic
 17226 | Swamp:1  | Received a gift from Okawaru
 17226 | Swamp:1  | Reached skill level 3 in Air Magic
 17281 | Swamp:2  | Reached skill level 2 in Conjurations
 17281 | Swamp:2  | Reached skill level 1 in Summonings
 17463 | Swamp:1  | Received a gift from Okawaru
 17518 | Swamp:3  | Noticed a thorn hunter
 17534 | Swamp:3  | Killed a thorn hunter
 17534 | Swamp:3  | Reached skill level 3 in Conjurations
 17534 | Swamp:3  | Reached skill level 2 in Summonings
 17534 | Swamp:3  | Reached skill level 4 in Air Magic
 17608 | Swamp:3  | Reached skill level 5 in Charms
 17642 | Swamp:3  | Reached skill level 9 in Spellcasting
 17655 | Swamp:3  | Noticed a thorn hunter
 17999 | Swamp:2  | Reached skill level 10 in Spellcasting
 18054 | Swamp:2  | Paralysed by a hornet for 2 turns
 18062 | Swamp:2  | HP: 9/108 [hornet[a shambling mangrove] (13)]
 18062 | Swamp:2  | Paralysed by a hornet for 1 turns
 18067 | Swamp:2  | HP: 5/108 [poisoned by a hornet]
 18074 | Swamp:2  | HP: 5/108 [poisoned by a hornet]
 18340 | Swamp:2  | Reached XP level 16. HP: 47/114 MP: 12/31
 18556 | Swamp:3  | Reached skill level 11 in Spellcasting
 18858 | Swamp:3  | Reached skill level 7 in Armour
 18892 | Swamp:4  | Entered Level 4 of the Swamp
 18982 | Swamp:4  | Noticed a thorn hunter
 19001 | Swamp:4  | Killed a thorn hunter
 19001 | Swamp:4  | Received a gift from Okawaru
 19062 | Swamp:4  | Noticed Mara
 19062 | Swamp:4  | Noticed Bai Suzhen
 19106 | Swamp:3  | Killed a thorn hunter
 19178 | Swamp:1  | Reached skill level 8 in Armour
 19241 | Swamp:1  | Received a gift from Okawaru
 19246 | Swamp:1  | Got a twisted scale mail {god gift}
 19257 | Swamp:1  | Identified the +0 scale mail of Responsibility {rPois Int+3} (Okawaru gifted it to you on level 1 of the Swamp)
 19375 | Swamp:1  | Reached skill level 3 in Summonings
 19380 | Swamp:1  | Reached skill level 5 in Air Magic
 19442 | Swamp:1  | Noticed Aizul
 19479 | Swamp:1  | Killed Aizul
 19562 | Lair:1   | Learned a level 4 spell: Summon Lightning Spire
 19665 | Spider:1 | Entered Level 1 of the Spider Nest
 19729 | Spider:1 | Reached skill level 4 in Summonings
 19749 | Spider:1 | Reached skill level 6 in Air Magic
 19976 | Spider:2 | Noticed Asterion
 20171 | Spider:2 | Reached skill level 7 in Air Magic
 20241 | Spider:2 | Reached skill level 5 in Summonings
 20295 | Spider:2 | HP: 6/114 [Asterion/demon blade of venom (10)]
 20300 | Spider:2 | Killed Asterion
 20300 | Spider:2 | Reached skill level 6 in Charms
 20438 | Spider:3 | Received a gift from Okawaru
 20512 | Spider:3 | Reached skill level 8 in Air Magic
 20577 | Spider:4 | Entered Level 4 of the Spider Nest
 20726 | Spider:3 | Reached skill level 12 in Fighting
 20840 | Spider:3 | HP: 10/114 [spark wasp (22)]
 20840 | Spider:3 | Slain by a spark wasp

Skill      XL: |  1  2  3  4  5  6  7  8  9 10 11 12 13 14 15 16 |
---------------+-------------------------------------------------+-----
Bows           | 4 5 6 8 |  8.3
Spellcasting   | 1 3 6 7 10 11 | 11.7
Dodging        | 4 6 8 10 11 | 11.0
Fighting       | 5 6 8 10 11 12 | 12.2
Long Blades    | 3 8 11 14 | 14.0
Invocations    | 4 5 7 9 |  9.0
Evocations     | 6 |  6.1
Translocations | 3 6 |  6.0
Necromancy     | 2 5 7 |  7.5
Charms         | 1 3 4 5 6 |  6.8
Ice Magic      | 1 3 |  3.0
Stealth        | 5 |  5.4
Armour         | 6 8 |  8.0
Hexes          | 2 |  2.0
Transmutations | 2 |  2.0
Earth Magic    | 1 |  1.4
Conjurations   | 3 |  3.1
Poison Magic   | 1 |  1.1
Air Magic      | 4 8 |  8.1
Summonings     | 2 5 |  5.0
Throwing       | |  1.0

Action                   |  1- 3 |  4- 6 |  7- 9 | 10-12 | 13-15 | 16-18 || total
-------------------------+-------+-------+-------+-------+-------+-------++-------
Melee: Dagger            |       |    12 |    58 |    57 |    46 |     1 ||   174
       Falchion          |       |       |   169 |   108 |       |       ||   277
       Punch             |       |       |     4 |    14 |    25 |     2 ||    45
       Long sword        |       |       |       |   293 |       |       ||   293
       Scimitar          |       |       |       |   146 |  1720 |   394 ||  2260
       Unarmed           |       |       |       |       |    56 |       ||    56
       Demon blade       |       |       |       |       |       |   106 ||   106
 Fire: Shortbow          |    87 |   161 |   147 |    82 |   101 |    12 ||   590
       Blowgun           |       |       |       |       |       |     5 ||     5
Throw: Stone             |       |       |       |     2 |       |       ||     2
       Tomahawk          |       |       |       |       |     2 |     3 ||     5
 Cast: Repel Missiles    |       |     1 |       |     1 |     4 |     1 ||     7
       Animate Skeleton  |       |       |       |    30 |    98 |     9 ||   137
       Apportation       |       |       |       |    27 |    64 |    35 ||   126
       Passwall          |       |       |       |    12 |    43 |     3 ||    58
       Ozocubu's Armour  |       |       |       |     3 |    24 |       ||    27
       Regeneration      |       |       |       |       |    51 |    36 ||    87
       Spectral Weapon   |       |       |       |       |    39 |    43 ||    82
       Blink             |       |       |       |       |     4 |     2 ||     6
       Animate Dead      |       |       |       |       |    10 |    22 ||    32
       Lesser Beckoning  |       |       |       |       |     1 |     8 ||     9
       Mephitic Cloud    |       |       |       |       |       |     3 ||     3
       Summon Lightning  |       |       |       |       |       |     2 ||     2
Invok: Heroism           |       |       |    11 |    29 |    25 |     4 ||    69
       Finesse           |       |       |       |     2 |    25 |     7 ||    34
 Abil: Evoke Invisibilit |       |       |     4 |     6 |     2 |     3 ||    15
       Evoke Flight      |       |       |       |       |    12 |    11 ||    23
Evoke: Rod               |       |       |     1 |    17 |     8 |       ||    26
       Wand              |       |       |       |     2 |    23 |     5 ||    30
  Use: Scroll            |     4 |     1 |     1 |    20 |    18 |     8 ||    52
       Potion            |       |     1 |     5 |     3 |     8 |     6 ||    23
 Stab: Sleeping          |       |       |     3 |    12 |    17 |     7 ||    39
       Invisible         |       |       |    13 |    27 |    17 |    15 ||    72
       Distracted        |       |       |       |     2 |    21 |     5 ||    28
       Petrified         |       |       |       |     2 |       |       ||     2
       Confused          |       |       |       |       |     5 |       ||     5
  Eat: Chunk             |       |     5 |     7 |     7 |    13 |     6 ||    38
       Beef jerky        |       |       |     1 |     2 |       |     2 ||     5
       Pizza             |       |       |     1 |       |       |       ||     1
       Meat ration       |       |       |       |     4 |     3 |       ||     7
       Royal jelly       |       |       |       |     1 |     1 |       ||     2
       Fruit             |       |       |       |       |     2 |     3 ||     5
       Bread ration      |       |       |       |       |     2 |     1 ||     3
Armor: Ring mail         |    10 |    37 |    34 |       |       |       ||    81
       Leather armour    |       |       |    29 |   115 |   393 |    34 ||   571
       Skin              |       |       |       |       |     1 |       ||     1
       Swamp dragon scal |       |       |       |       |       |   148 ||   148
Dodge: Dodged            |    16 |    69 |   216 |   424 |   943 |   344 ||  2012
       Deflected         |       |     1 |     2 |     1 |    15 |     4 ||    23
Block: Other             |       |       |       |    17 |       |       ||    17
       Reflection        |       |       |       |     1 |       |       ||     1
       Rpst.: Falchion   |       |       |    42 |    18 |       |       ||    60
       Long sword        |       |       |       |    49 |       |       ||    49
       Scimitar          |       |       |       |    29 |   234 |    55 ||   318
       Demon blade       |       |       |       |       |       |    18 ||    18

Table legend:
 A = Turns spent in this place as a percentage of turns spent in the entire game.
 B = Non-inter-level travel turns spent in this place as a percentage of non-inter-level travel turns spent in the entire game.
 C = Inter-level travel turns spent in this place as a percentage of turns spent in this place.
 D = Turns resting spent in this place as a percentage of non-inter-level travel turns spent in this place.
 E = Turns spent auto-exploring this place as a percentage of non-inter-level travel turns spent in this place.
 F = Non-inter-level travel turns spent in this place divided by the number of levels of this place that you've seen.
                   A       B       C       D       E      F
               +-------+-------+-------+-------+-------+----------------------
         Total | 100.0 | 100.0 |   0.1 |   0.1 |   0.0 | 595.1
       Dungeon |  46.2 |  46.2 |   0.2 |   0.1 |   0.0 | 605.0
        Temple |   0.1 |   0.1 |   0.0 |   0.0 |   0.0 |  18.0
          Lair |  25.0 |  25.0 |   0.1 |   0.0 |   0.0 | 819.8
         Swamp |  13.5 |  13.5 |   0.1 |   0.4 |   0.0 | 661.8
   Spider Nest |   7.1 |   7.1 |   0.0 |   0.0 |   0.0 | 350.5
  Orcish Mines |   6.4 |   6.4 |   0.0 |   0.0 |   0.0 | 633.0
     Labyrinth |   1.6 |   1.6 |   0.0 |   0.0 |   0.0 | 312.0
               +-------+-------+-------+-------+-------+----------------------

Table legend:
 A = Kills in this place as a percentage of kills in entire the game.
 B = Kills by you in this place as a percentage of kills by you in the entire game.
 C = Kills by friends in this place as a percentage of kills by friends in the entire game.
 D = Other kills in this place as a percentage of other kills in the entire game.
 E = Experience gained in this place as a percentage of experience gained in the entire game.
 F = Experience gained in this place divided by the number of levels of this place that you have seen.
                   A       B       C       D       E      F
               +-------+-------+-------+-------+-------+----------------------
         Total | 100.0 | 100.0 | 100.0 | 100.0 | 100.0 | 6307.0
       Dungeon |  38.8 |  41.9 |  18.3 |   0.0 |  27.5 | 3813.0
          Lair |  26.4 |  24.2 |  41.7 |   0.0 |  25.5 | 8840.8
         Swamp |  14.4 |  14.6 |  11.3 | 100.0 |  24.2 | 12617.2
   Spider Nest |   9.5 |   7.6 |  22.6 |   0.0 |  13.6 | 7101.8
  Orcish Mines |  10.9 |  11.6 |   6.1 |   0.0 |   8.6 | 8936.0
     Labyrinth |   0.1 |   0.1 |   0.0 |   0.0 |   0.5 | 1144.0
               +-------+-------+-------+-------+-------+----------------------

Vault maps used:
D:1:      onia_arrival_pyramid
D:2:      wad_woods_stonehenge
D:3:      lemuel_upstairs_altar, xom_redecorated, tgw_fedhas, first_bread
D:4:      nicolae_dithmenos_the_darkroom, temple_pool_b, hangedman_glass_garden,
          minmay_misc_feat_rugged
D:5:      lemuel_doored_altar, kiku_gazebo_pond_becter, serial_shops,
          shop_statue, grunt_ministairs_13, tgw_trog
D:6:      tso_altar, uniq_pikel
D:7:      overflow_temple_1_default, uniq_prince_ribbit1, uniq_duvessa
D:8:      david_lair_shrubbed, david_nohive_1, uniq_gastronok
D:10:     uniq_nergalle
D:11:     serial_shops, nicolae_shop_stone, portal_ice_cave_demonic_guard,
          uniq_snorg, uniq_maurice
D:12:     david_orc_4
D:13:     minmay_roctagon, erik_vaults_2, minivault_7, uniq_urug
D:14:     serial_bayou, serial_bayou_shore_b, serial_bayou_pond_e,
          serial_bayou_lagoon_a, serial_bayou_pond_a, elyvilon_altar_1
D:15:     grunt_enter_depths_snipers, uniq_kirke
Temple:   eino_temple_lava
Lair:1:   basic_altar, nicolae_volcano_entry_two_sided
Lair:2:   minmay_swamp_entry_reptiles
Lair:3:   beast_lair_carwin_7, bh_autumn_forest_stairs, serial_bayou_shore_b
Lair:4:   spider_nest_entry_funnel_web, lab_entry_generic
Lair:6:   hangedman_lair_tendril_chambers, hangedman_lair_caniforms_friends,
          dpeg_slime_entry_enclosed_altar, hangedman_lair_generics_rect
Swamp:1:  serial_swamp_ruin, hangedman_swamp_ruin_wall,
          evilmike_swamp_ruin_house_4, swamp_pool1, uniq_aizul, uniq_frances
Swamp:2:  evilmike_swamp_ruin_house_5, infiniplex_staircase_pool
Swamp:3:  evilmike_swamp_ruin_rubble_2, st_swamp_ruins_4,
          infiniplex_staircase_pool_2
Swamp:4:  swamp_old_school, uniq_mara, uniq_bai_suzhen
Spider:1: uniq_donald
Spider:2: nicolae_spider_cling_ruins, uniq_asterion
Spider:3: nicolae_spider_mines_3
Spider:4: guppyfry_spider_rune, uniq_nikola, uniq_louise
Orc:1:    uniq_erolcha
Orc:2:    grunt_orc_gardens, grunt_orc_garden, grunt_orc_garden,
          grunt_orc_garden, grunt_orc_garden, basic_altar, mines4_lemuel
Lab:      nicolae_lab_dead_adventurers
